 Dungeon Crawl Stone Soup version 0.16.2-12-gd0ad4c3 (webtiles) character file.

45145 carl the Severer (level 14, 0/127 HPs)
             Began as a Deep Dwarf Necromancer on Nov 1, 2015.
             Was the Champion of Makhleb.
             Slain by a death yak (3 damage)
             ... on level 7 of the Lair of Beasts.
             The game lasted 01:07:30 (15817 turns).

carl the Severer (Deep Dwarf Necromancer)          Turns: 15817, Time: 01:07:30

Health: 0/127      AC: 17    Str: 12    XL:     14   Next: 0%
Magic:  30/30      EV: 10    Int: 21    God:    Makhleb [******]
Gold:   943        SH:  0    Dex: 20    Spells: 3 memorised, 20 levels left

rFire  . . .     SeeInvis +     u - +8 executioner's axe of Thrastou {flame, Dex+3}
rCold  + . .     Clarity  .     L - +4 scale mail of Idealism {rElec MR+ Regen+ Dex+4}
rNeg   + + .     SustAb   .     (no shield)
rPois  +         Gourm    .     N - +2 hat {SInv}
rElec  +         Spirit   .     y - +0 cloak
rCorr  .         Warding  +     Y - +0 pair of gloves
rMut   .         Stasis   .     M - +0 pair of boots
MR     ++++.                    H - amulet of warding
Stlth  +.........               Q - ring of poison resistance
                                l - ring of protection from magic

@: non-regenerating, incredibly resistant to hostile enchantments, very
unstealthy
A: damage resistance, recharge devices, talons 1, cold resistance 1, negative
energy resistance 1, sense surroundings 2, slow healing 3, MP-powered wands 1
a: Device Recharging, Minor Destruction, Lesser Servant of Makhleb, Major
Destruction, Greater Servant of Makhleb, Renounce Religion


You were on level 7 of the Lair of Beasts.
You worshipped Makhleb.
Makhleb was exalted by your worship.
You were not hungry.

You visited 2 branches of the dungeon, and saw 18 of its levels.
You also visited: Labyrinth and Volcano.

You collected 943 gold pieces.

Inventory:

Hand weapons
 u - the +8 executioner's axe of Thrastou (weapon) {flame, Dex+3}
   (You acquired it on level 1 of the Lair of Beasts)

   It has been specially enchanted to burn those struck by it, causing extra
   injury to most foes and up to half again as much damage against particularly
   susceptible opponents.
   Big, fiery blades are also staple armaments of hydra-hunters.
   It affects your dexterity (+3).
 P - a +3 hand axe of electrocution
Armour
 y - a +0 cloak (worn)
 L - the +4 scale mail of Idealism (worn) {rElec MR+ Regen+ Dex+4}
   (You took it off a minotaur in a labyrinth)

   It affects your dexterity (+4).
   It insulates you from electricity.
   It affects your resistance to hostile enchantments.
   It increases your rate of regeneration.
 M - a +0 pair of boots (worn)
 N - a +2 hat of see invisible (worn)
 Y - a +0 pair of gloves (worn)
Jewellery
 l - a ring of protection from magic (left hand)
 H - an amulet of warding (around neck)
 Q - a ring of poison resistance (right hand)
Magical devices
 c - a wand of heal wounds (0)
 d - a wand of draining (9)
 g - a wand of polymorph (9)
 o - a wand of digging (5)
 q - a wand of lightning (5)
 r - a wand of teleportation (5)
 v - a wand of fire (4)
 B - a wand of paralysis (20)
 E - a wand of enslavement (12)
 F - a wand of cold (6)
 I - a wand of teleportation (6)
 S - a wand of frost (26)
 U - a wand of flame (29)
 W - a wand of draining (8)
 X - a wand of digging (12)
Scrolls
 b - a scroll of fear
 p - a scroll of blinking
 x - a scroll of brand weapon
 z - a scroll of enchant weapon
 A - 8 scrolls of remove curse
 C - 3 scrolls of fog
 D - 6 scrolls of teleportation
 J - a scroll of magic mapping
 T - 3 scrolls of identify
Potions
 a - a potion of curing
 e - 2 potions of flight
 f - 2 potions of resistance
 h - 4 potions of might
 i - 4 potions of heal wounds
 k - 4 potions of ambrosia
 t - 2 potions of haste
 w - 2 potions of restore abilities
 G - 3 potions of cancellation
Books
 Z - a book of Geomancy

   Spells                             Type                      Level
   a - Sandblast                      Earth                        1
   b - Stoneskin                      Transmutation/Earth          2
   c - Passwall                       Transmutation/Earth          3
   d - Stone Arrow                    Conjuration/Earth            3
   e - Petrify                        Transmutation/Earth          4
   f - Lee's Rapid Deconstruction     Earth                        5
Comestibles
 j - 2 slices of pizza
 m - 34 fruits
 n - 2 chunks of flesh
 s - 5 meat rations
 O - 3 royal jellies


   Skills:
 - Level 8.6 Fighting
 - Level 15.0 Axes
 - Level 6.0 Armour
 - Level 2.1 Dodging
 - Level 2.4 Stealth
 - Level 8.0 Spellcasting
 - Level 8.0 Necromancy
 + Level 13.4 Invocations
 - Level 10.0 Evocations


You had 20 spell levels left.
You knew the following spells:

 Your Spells              Type           Power        Failure   Level  Hunger
a - Pain                  Necr           ####         1%          1    None
b - Vampiric Draining     Necr           #####.....   4%          3    None
c - Dispel Undead         Necr           #####...     34%         5    #####..


Dungeon Overview and Level Annotations

Branches:
Dungeon (10/15)            Temple (0/1) D:7            Lair (8/8) D:8
  Swamp (0/5) Lair:5        Snake (0/5) Lair:3        Slime (0/6) Lair:6
    Orc: D:9-12

Altars:
Dithmenos
Elyvilon
Fedhas
Gozag
Kikubaaqudgha
Makhleb
Qazlal
Xom
Yredelemnul

Shops:
D:4 %   D:5 =   D:7 !

Annotations:
D:9 Grum


Innate Abilities, Weirdness & Mutations

You are resistant to damage.
You can recharge devices by infusing magical energy.
You resist negative energy.
You passively map the area around you.
You do not heal naturally.
You have sharp toenails.
Your flesh is cold resistant.
You expend magic power (3 MP) to slightly strengthen your wands.


Message History

Unknown command.
You slash the death yak! You burn the death yak.
You kill the death yak!
Makhleb accepts your kill.
You feel a little better.
You have reached level 14!
You feel resistant to negative energy.
You slash the death yak! You burn the death yak.
The death yak is severely wounded.
The death yak gores you!!
* * * LOW HITPOINT WARNING * * *
Unknown command.
You hit the death yak. You burn the death yak.
The death yak is severely wounded.
The death yak gores you.
* * * LOW HITPOINT WARNING * * *
You hit the death yak but do no damage.
The death yak is severely wounded.
The death yak closely misses you. The death yak gores you.
You die...

* .### ### ########### ..#P##.#
######...#P#...####
..P....######.##@#..........#.#
......P##..#....#Y##..........##
.......#P..#.................#.#
.............#.#.#...P.###.....##
........#..#####.#...### ##.....#
..#......### ##.#### ##.....
.#.....### ### #..... #......##
###... ##...Y..# ##..


You could see a death yak.

Vanquished Creatures
  A minotaur (Lab)
  8 hydras
  The ghost of CrazyArbalest the Quickloader, a powerful MiHu of Okawaru (Lab)
  The ghost of kraktruk the Destroyer, a powerful DECj of Vehumet (Lab)
  Erica (Lair:2)
  2 death yaks (Lair:7)
  Nergalle (Lair:2)
  Erolcha (D:9)
  A griffon (Lair:6)
  A black mamba (Lair:2)
  4 elephants (Lair:4)
  A torpor snail (Lair:3)
  8 spiny frogs
  Psyche (D:9)
  A queen ant (Lair:5)
  5 komodo dragons
  5 wandering mushrooms
  A troll (D:9)
  3 slime creatures
  Prince Ribbit (D:9)
  3 fire drakes
  12 blink frogs
  2 trapdoor spiders (Lab)
  7 basilisks
  A wyvern (Lair:2)
  A wraith (D:10)
  5 fire bats (Volcano)
  5 hippogriffs
  41 yaks
  2 fire elementals (Volcano)
  A hungry ghost (D:10)
  A deep elf fighter (D:8)
  4 soldier ants (Lair:5)
  6 swamp worms (Lair:5)
  10 wolves
  12 porcupines
  8 nagas (Lair:3)
  A hell hound (Volcano)
  13 water moccasins
  A wasp (Lair:8)
  3 ogres
  3 phantoms
  3 orc warriors
  2 ice beasts
  A black bear (D:8)
  6 centaurs
  Sigmund (D:7)
  4 big kobolds (D:10)
  17 crocodiles
  2 boring beetles (Lair:5)
  14 giant frogs
  A wyvern skeleton (D:10)
  A water moccasin zombie (D:9)
  16 killer bees
  9 jellies
  A scorpion (D:10)
  A goliath beetle (D:7)
  An electric eel (Lair:5)
  2 quasits
  7 orc priests
  7 hounds
  Crazy Yiuf (D:3)
  A centaur skeleton (D:7)
  3 lava snakes (Volcano)
  8 orc wizards
  2 iguanas
  11 spectral orcs (Lair:2)
  20 worker ants
  29 sheep
  Ijyb (D:4)
  2 hound zombies (D:5)
  A hound skeleton (D:7)
  2 worker ant zombies
  19 adders
  3 gnolls (D:2)
  27 river rats
  3 worms
  An adder skeleton (D:9)
  9 giant geckos
  17 oozes
  31 orcs
  A bat skeleton (D:5)
  7 giant cockroaches
  9 hobgoblins
  4 ball pythons
  26 bats
  7 giant newts
  11 goblins
  23 jackals
  15 kobolds
  12 quokkas
  24 rats
  A butterfly (Lair:5)
  8 fungi
  7 plants
632 creatures vanquished.

Vanquished Creatures (others)
  4 sheep (Lair:6)
  7 fungi
11 creatures vanquished.

Grand Total: 643 creatures vanquished

Notes
Turn   | Place    | Note
--------------------------------------------------------------
     0 | D:1      | carl, the Deep Dwarf Necromancer, began the quest for the Orb.
     0 | D:1      | Reached XP level 1. HP: 15/15 MP: 2/2
   223 | D:1      | Reached XP level 2. HP: 10/22 MP: 0/3
   233 | D:1      | Reached skill level 5 in Necromancy
   569 | D:1      | Reached XP level 3. HP: 7/28 MP: 1/5
  1000 | D:2      | Reached skill level 6 in Necromancy
  1046 | D:2      | Reached XP level 4. HP: 12/36 MP: 2/6
  1146 | D:2      | Learned a level 3 spell: Vampiric Draining
  2097 | D:3      | Reached skill level 7 in Necromancy
  2097 | D:3      | Reached XP level 5. HP: 37/42 MP: 3/7
  2244 | D:3      | Noticed Crazy Yiuf
  2263 | D:3      | Killed Crazy Yiuf
  2437 | D:4      | Noticed a phantom
  2676 | D:4      | Noticed Ijyb
  2685 | D:4      | Killed Ijyb
  2685 | D:4      | Reached skill level 8 in Necromancy
  2685 | D:4      | Reached XP level 6. HP: 33/49 MP: 1/9
  2865 | D:4      | Killed a phantom
  3077 | D:4      | Found Degac's Food Boutique.
  3248 | D:5      | Entered Level 5 of the Dungeon
  3397 | D:5      | Reached skill level 1 in Evocations
  3520 | D:5      | Found a stormy altar of Qazlal.
  3523 | D:5      | Found a basalt altar of Yredelemnul.
  3526 | D:5      | Found a burning altar of Makhleb.
  3530 | D:5      | Became a worshipper of Makhleb the Destroyer
  3749 | D:5      | Reached XP level 7. HP: 25/55 MP: 2/14
  3880 | D:5      | Reached skill level 5 in Evocations
  3950 | D:5      | Found Ysoihi's Jewellery Boutique.
  4303 | D:5      | Reached skill level 1 in Fighting
  4702 | D:6      | Reached XP level 8. HP: 60/69 MP: 1/17
  4960 | D:6      | Acquired Makhleb's first power
  5169 | D:6      | Reached skill level 5 in Fighting
  5404 | D:6      | Found a shadowy altar of Dithmenos.
  5426 | D:7      | Found a staircase to the Ecumenical Temple.
  5522 | D:7      | Noticed a wandering mushroom
  5522 | D:7      | a giant spore changed into a wandering mushroom
  5545 | D:7      | Killed a wandering mushroom
  5786 | D:3      | Reached skill level 1 in Invocations
  6013 | D:3      | Acquired Makhleb's second power
  6314 | D:7      | Reached skill level 5 in Invocations
  6314 | D:7      | Gained mutation: You passively map the area around you. [level up]
  6314 | D:7      | Reached XP level 9. HP: 70/82 MP: 6/18
  6324 | D:7      | Noticed Sigmund
  6431 | D:7      | Killed Sigmund
  6444 | D:7      | Found Godarox's Distillery.
  7021 | D:7      | Acquired Makhleb's third power
  7321 | D:8      | Found an ancient bone altar of Kikubaaqudgha.
  7322 | D:8      | Found an opulent altar of Gozag.
  7736 | D:8      | Found a staircase to the Lair.
  7766 | D:8      | Reached skill level 5 in Axes
  7774 | D:8      | Acquired Makhleb's fourth power
  8156 | D:9      | Noticed Erolcha
  8163 | D:9      | Killed Erolcha
  8269 | D:9      | Noticed Prince Ribbit
  8298 | D:9      | Noticed Grum
  8306 | D:10     | Entered Level 10 of the Dungeon
  8337 | D:10     | Reached XP level 10. HP: 86/91 MP: 21/21
  8472 | D:10     | Reached skill level 9 in Axes
  8529 | D:10     | Acquired Makhleb's fifth power
  8565 | D:10     | Reached skill level 10 in Axes
  8819 | D:10     | Reached skill level 11 in Axes
  8880 | D:10     | Noticed a three-headed hydra
  8910 | D:10     | Killed a three-headed hydra
  8910 | D:10     | Reached skill level 12 in Axes
  8980 | D:10     | Identified a scroll of acquirement
  9266 | D:10     | Reached XP level 11. HP: 61/97 MP: 15/22
  9409 | D:9      | Reached skill level 13 in Axes
  9460 | D:9      | Killed Prince Ribbit
  9723 | D:9      | Noticed Psyche
  9734 | D:9      | Killed Psyche
  9756 | D:8      | Found a white marble altar of Elyvilon.
  9756 | D:8      | Found a shadowy altar of Dithmenos.
  9756 | D:8      | Found a blossoming altar of Fedhas.
  9818 | Lair:1   | Entered Level 1 of the Lair of Beasts
  9903 | Lair:1   | Found a dark tunnel.
  9906 | Volcano  | Entered a volcano
 10112 | Volcano  | Found a bloodstained altar of Trog.
 10112 | Volcano  | Noticed a hell knight
 10144 | Volcano  | Reached skill level 14 in Axes
 10319 | Lair:1   | Got a crude executioner's axe
 10320 | Lair:1   | Identified the +8 executioner's axe of Thrastou {flame, Dex+3} (You acquired it on level 1 of the Lair of Beasts)
 10796 | Lair:1   | Noticed a six-headed hydra
 10802 | Lair:1   | Killed a four-headed hydra
 10928 | Lair:1   | Reached skill level 15 in Axes
 11188 | Lair:2   | Gained mutation: You have sharp toenails. [potion of mutation]
 11188 | Lair:2   | Gained mutation: Your flesh is cold resistant. [potion of mutation]
 11188 | Lair:2   | Gained mutation: You expend magic power (3 MP) to slightly strengthen your wands. [potion of mutation]
 11252 | Lair:2   | Noticed Erica
 11267 | Lair:2   | Killed Erica
 11334 | Lair:2   | Noticed Nergalle
 11362 | Lair:2   | Killed Nergalle
 11362 | Lair:2   | Reached XP level 12. HP: 83/110 MP: 23/23
 11955 | Lair:2   | Learned a level 5 spell: Dispel Undead
 12067 | Lair:3   | Reached skill level 1 in Armour
 12287 | Lair:3   | Reached skill level 5 in Armour
 12332 | Lair:3   | Found a staircase to the Snake Pit.
 12562 | Lair:4   | Noticed a four-headed hydra
 12567 | Lair:4   | Killed a two-headed hydra
 12606 | Lair:4   | Found a labyrinth entrance.
 12615 | Lab      | Entered a labyrinth
 12704 | Lab      | Noticed CrazyArbalest's ghost (powerful MiHu)
 12707 | Lab      | Noticed kraktruk's ghost (powerful DECj)
 12720 | Lab      | Killed CrazyArbalest's ghost
 12720 | Lab      | Reached skill level 5 in Spellcasting
 12729 | Lab      | Killed kraktruk's ghost
 12785 | Lab      | Noticed a minotaur
 12800 | Lab      | Killed a minotaur
 12803 | Lab      | Got a spiked scale mail
 12814 | Lab      | Identified the +4 scale mail of Idealism {rElec MR+ Regen+ Dex+4} (You took it off a minotaur in a labyrinth)
 13151 | Lair:4   | Reached XP level 13. HP: 118/118 MP: 28/28
 14088 | Lair:5   | Found a staircase to the Swamp.
 14660 | Lair:6   | Found a staircase to the Slime Pits.
 14675 | Lair:6   | Reached skill level 10 in Invocations
 14687 | Lair:6   | Reached skill level 10 in Evocations
 14923 | Lair:6   | Found a shimmering altar of Xom.
 15313 | Lair:6   | You fall through a shaft for 2 floors!
 15313 | Lair:8   | Entered Level 8 of the Lair of Beasts
 15597 | Lair:6   | HP: 2/118 [seven-headed hydra (5)]
 15815 | Lair:7   | Gained mutation: You resist negative energy. [level up]
 15815 | Lair:7   | Reached XP level 14. HP: 26/127 MP: 30/30
 15816 | Lair:7   | HP: 3/127 [death yak (5)]
 15817 | Lair:7   | Slain by a death yak

Action                   |  1- 3 |  4- 6 |  7- 9 | 10-12 | 13-15 || total
-------------------------+-------+-------+-------+-------+-------++-------
Melee: Dagger            |     9 |       |       |       |       ||     9
       Unarmed           |     2 |       |       |       |       ||     2
       Short sword       |    12 |       |       |       |       ||    12
       Spear             |       |   168 |   298 |       |       ||   466
       Hand axe          |       |       |   173 |   310 |       ||   483
       War axe           |       |       |       |    75 |       ||    75
       Executioner's axe |       |       |       |   335 |   373 ||   708
 Cast: Pain              |    49 |    23 |    13 |     3 |       ||    88
       Vampiric Draining |       |    42 |   105 |    92 |    39 ||   278
Evoke: Wand              |     1 |       |     1 |    13 |     2 ||    17
  Use: Scroll            |     3 |     6 |     7 |    15 |     3 ||    34
       Potion            |       |       |       |     8 |     1 ||     9
 Stab: Sleeping          |       |     4 |     8 |     6 |     2 ||    20
       Distracted        |       |       |       |     1 |       ||     1
       Invisible         |       |       |       |       |     1 ||     1
  Eat: Chunk             |     1 |    13 |    26 |    26 |     8 ||    74
       Beef jerky        |       |       |       |       |     1 ||     1
